SNL (28 & UNDER)
MONTGOMERY BISCUITS @ WEST VIRGINIA POWER
09/23/2027
 
TOP OF THE 1ST
Montgomery Biscuits batting - Pitching for West Virginia Power : LHP John Knight
Pitching: LHP John Knight
Batting: RHB Jerry Johnston 0-0: Ball
1-0: Ground out 4-3 (Groundball, 4)
Batting: LHB António Fernández 0-0: Called Strike
0-1: Foul Ball, location: 2F
0-2: Strikes out swinging
Batting: RHB José Montoya 0-0: Ball
1-0: Called Strike
1-1: Fly out, F7 (Flyball, 7S)
Top of the 1st over - 0 run(s), 0 hit(s), 0 error(s), 0 left on base; Montgomery 0 - West Virginia 0
BOTTOM OF THE 1ST
West Virginia Power batting - Pitching for Montgomery Biscuits : RHP Félix Andrade
Pitching: RHP Félix Andrade
Batting: RHB Pablo Sandoval 0-0: SINGLE (Line Drive, 4M)
Batting: RHB Javier Peña 0-0: Foul Ball, location: 2F
0-1: Swinging Strike
0-2: Ball
1-2: Grounds into double play, 1-4-3 (Groundball, 15)
Batting: RHB Nick Harris 0-0: Ground out 5-3 (Groundball, 56)
Bottom of the 1st over - 0 run(s), 1 hit(s), 0 error(s), 0 left on base; Montgomery 0 - West Virginia 0
TOP OF THE 2ND
Montgomery Biscuits batting - Pitching for West Virginia Power : LHP John Knight
Batting: SHB Terry O'Farrell 0-0: Swinging Strike
0-1: Swinging Strike
0-2: Foul Ball, location: 2F
0-2: Ball
1-2: Foul Ball, location: 2F
1-2: Foul Ball, location: 2F
1-2: Ground out 6-3 (Groundball, 6D)
Batting: RHB Carlos Vásquez 0-0: Ball
1-0: Ball
2-0: Called Strike
2-1: SINGLE (Line Drive, 78M)
Batting: LHB Bob Jones 0-0: Ball
1-0: Foul Ball, location: 2F
1-1: Called Strike
1-2: Ball
2-2: Fly out, F9 (Flyball, 9S)
Batting: RHB Rusty Downy 0-0: Fielders Choice at 2nd, 4-6 (Groundball, 4)
Top of the 2nd over - 0 run(s), 1 hit(s), 0 error(s), 0 left on base; Montgomery 0 - West Virginia 0
BOTTOM OF THE 2ND
West Virginia Power batting - Pitching for Montgomery Biscuits : RHP Félix Andrade
Batting: RHB Juan Alberto 0-0: Ball
1-0: Fly out, F5 (Line Drive, 5)
Batting: SHB Waylon Adams 0-0: Ball
1-0: Ball
2-0: Ground out 5-3 (Groundball, 56S)
Batting: LHB Héctor Soto 0-0: Called Strike
0-1: Ball
1-1: Called Strike
1-2: Ball
2-2: Ball
3-2: Strikes out swinging
Bottom of the 2nd over - 0 run(s), 0 hit(s), 0 error(s), 0 left on base; Montgomery 0 - West Virginia 0
TOP OF THE 3RD
Montgomery Biscuits batting - Pitching for West Virginia Power : LHP John Knight
Batting: RHB Glen MacDonald 0-0: DOUBLE (Flyball, 9LD)
Batting: RHB Dave Roberts 0-0: Called Strike
0-1: Hit by Pitch
Batting: RHB Jerry Johnston 0-0: Called Strike
0-1: Ball
1-1: Foul Ball, location: 2F
1-2: Ball
2-2: Ball
3-2: Base on Balls
Glen MacDonald to third
Dave Roberts to second
Batting: LHB António Fernández 0-0: Ball
1-0: Ball
2-0: GRAND SLAM HOME RUN (Flyball, 89XD), Distance : 432 ft
Batting: RHB José Montoya 0-0: Called Strike
0-1: Swinging Strike
0-2: Ball
1-2: Strikes out swinging
Batting: SHB Terry O'Farrell 0-0: SOLO HOME RUN (Flyball, 7D), Distance : 359 ft
Batting: RHB Carlos Vásquez 0-0: Ground out 1-3 (Groundball, P)
Batting: LHB Bob Jones 0-0: Foul Ball, location: 2F
0-1: Swinging Strike
0-2: Ball
1-2: Ground out 3-1 (Groundball, 34)
Top of the 3rd over - 5 run(s), 3 hit(s), 0 error(s), 0 left on base; Montgomery 5 - West Virginia 0
BOTTOM OF THE 3RD
West Virginia Power batting - Pitching for Montgomery Biscuits : RHP Félix Andrade
Batting: LHB Ken Nelson 0-0: Called Strike
0-1: Ball
1-1: Called Strike
1-2: Strikes out looking
Batting: RHB Blair Whitehead 0-0: Foul Ball, location: 2F
0-1: Fly out, F7 (Line Drive, 7)
Batting: RHB Brett Bell 0-0: Ball
1-0: Called Strike
1-1: Ground out 1-3 (Groundball, P)
Bottom of the 3rd over - 0 run(s), 0 hit(s), 0 error(s), 0 left on base; Montgomery 5 - West Virginia 0
TOP OF THE 4TH
Montgomery Biscuits batting - Pitching for West Virginia Power : LHP John Knight
Batting: RHB Rusty Downy 0-0: Ball
1-0: Fly out, F9 (Flyball, 9S)
Batting: RHB Glen MacDonald 0-0: SINGLE (Groundball, 6D)
Batting: RHB Dave Roberts 0-0: Ball
1-0: 2-RUN HOME RUN (Flyball, 78XD), Distance : 438 ft
Batting: RHB Jerry Johnston 0-0: Ball
1-0: Fly out, F8 (Line Drive, 8RM)
Batting: LHB António Fernández 0-0: Called Strike
0-1: Hit by Pitch
Batting: RHB José Montoya 0-0: Swinging Strike
0-1: DOUBLE (Line Drive, 78D)
António Fernández to third
Pitching: RHP Mitch Irwin
Batting: SHB Terry O'Farrell 0-0: Ball
1-0: Foul Ball, location: 2F
1-1: Ball
2-1: Called Strike
2-2: Ball
3-2: Base on Balls
Batting: RHB Carlos Vásquez 0-0: Swinging Strike
0-1: Swinging Strike
0-2: Ball
1-2: Foul Ball, location: 2F
1-2: Ball
2-2: Ball
3-2: Strikes out swinging
Top of the 4th over - 2 run(s), 3 hit(s), 0 error(s), 3 left on base; Montgomery 7 - West Virginia 0
BOTTOM OF THE 4TH
West Virginia Power batting - Pitching for Montgomery Biscuits : RHP Félix Andrade
Batting: RHB Pablo Sandoval 0-0: Called Strike
0-1: Ball
1-1: Swinging Strike
1-2: Strikes out swinging
Batting: RHB Javier Peña 0-0: Ball
1-0: Swinging Strike
1-1: Ball
2-1: Ground out 5-3 (Groundball, 5L)
Batting: RHB Nick Harris 0-0: Ball
1-0: Foul Ball, location: 2F
1-1: Ball
2-1: Swinging Strike
2-2: Fly out, F8 (Line Drive, 8LM)
Bottom of the 4th over - 0 run(s), 0 hit(s), 0 error(s), 0 left on base; Montgomery 7 - West Virginia 0
TOP OF THE 5TH
Montgomery Biscuits batting - Pitching for West Virginia Power : RHP Mitch Irwin
Batting: LHB Bob Jones 0-0: Ball
1-0: Swinging Strike
1-1: Ball
2-1: Ball
3-1: Foul Ball, location: 2F
3-2: Foul Ball, location: 2F
3-2: Base on Balls
Batting: RHB Rusty Downy 0-0: Called Strike
0-1: Ball
1-1: Swinging Strike
1-2: Foul Ball, location: 2F
1-2: Ball
2-2: Strikes out swinging
Batting: RHB Glen MacDonald 0-0: Called Strike
0-1: Ball
Wild Pitch!
Bob Jones to second
1-1: Ball
2-1: Swinging Strike
2-2: Strikes out swinging
Batting: RHB Dave Roberts 0-0: Foul Ball, location: 2F
0-1: Ball
1-1: Called Strike
1-2: Strikes out swinging
Top of the 5th over - 0 run(s), 0 hit(s), 0 error(s), 1 left on base; Montgomery 7 - West Virginia 0
BOTTOM OF THE 5TH
West Virginia Power batting - Pitching for Montgomery Biscuits : RHP Félix Andrade
Batting: RHB Juan Alberto 0-0: Called Strike
0-1: Fly out, F8 (Flyball, 8LXD)
Batting: SHB Waylon Adams 0-0: Ball
1-0: Fly out, F9 (Line Drive, 9D)
Batting: LHB Héctor Soto 0-0: Foul Ball, location: 2F
0-1: Ball
1-1: Ball
2-1: Ball
3-1: Ground out 5-3 (Groundball, 5)
Bottom of the 5th over - 0 run(s), 0 hit(s), 0 error(s), 0 left on base; Montgomery 7 - West Virginia 0
TOP OF THE 6TH
Montgomery Biscuits batting - Pitching for West Virginia Power : RHP Mitch Irwin
Batting: RHB Jerry Johnston 0-0: Ground out 6-3 (Groundball, 6)
Batting: LHB António Fernández 0-0: Foul Ball, location: 2F
0-1: Foul Ball, location: 2F
0-2: Ball
1-2: Ball
2-2: Ball
3-2: Foul Ball, location: 2F
3-2: SINGLE (Groundball, 4MD)
Batting: RHB José Montoya 0-0: Ball
1-0: Ball
2-0: Ball
3-0: Called Strike
3-1: Grounds into double play, 6-4-3 (Groundball, 6)
Top of the 6th over - 0 run(s), 1 hit(s), 0 error(s), 0 left on base; Montgomery 7 - West Virginia 0
BOTTOM OF THE 6TH
West Virginia Power batting - Pitching for Montgomery Biscuits : RHP Félix Andrade
Batting: LHB Ken Nelson 0-0: Foul Ball, location: 2F
0-1: Called Strike
0-2: Ball
1-2: Strikes out looking
Batting: RHB Blair Whitehead 0-0: Called Strike
0-1: Foul Ball, location: 2F
0-2: Ball
1-2: Strikes out swinging passed ball, reaches first!
Batting: RHB Brett Bell 0-0: Called Strike
0-1: Foul Ball, location: 2F
0-2: Strikes out looking
Batting: RHB Pablo Sandoval 0-0: Called Strike
0-1: Fly out, F9 (Flyball, 9S)
Bottom of the 6th over - 0 run(s), 0 hit(s), 0 error(s), 1 left on base; Montgomery 7 - West Virginia 0
TOP OF THE 7TH
Montgomery Biscuits batting - Pitching for West Virginia Power : RHP Mitch Irwin
Batting: SHB Terry O'Farrell 0-0: Foul Ball, location: 2F
0-1: Swinging Strike
0-2: Ball
1-2: Strikes out swinging
Batting: RHB Carlos Vásquez 0-0: Ball
1-0: Swinging Strike
1-1: Fly out, F8 (Flyball, 8RS)
Batting: LHB Bob Jones 0-0: Ball
1-0: Foul Ball, location: 2F
1-1: SINGLE (Groundball, 4D)
Batting: RHB Rusty Downy 0-0: Called Strike
0-1: Foul Ball, location: 2F
0-2: Ball
1-2: DOUBLE (Line Drive, 78M)
Bob Jones to third
Bob Jones scores
Batting: RHB Glen MacDonald 0-0: Ball
1-0: Ball
2-0: Ball
3-0: Called Strike
3-1: Base on Balls
Batting: RHB Dave Roberts 0-0: Called Strike
0-1: DOUBLE (Line Drive, 7LD)
Rusty Downy scores
Glen MacDonald to third
Runner from 3rd tries for Home, SAFE, no throw
Batting: RHB Jerry Johnston 0-0: Called Strike
0-1: Fly out, F8 (Flyball, 8RM)
Top of the 7th over - 3 run(s), 3 hit(s), 0 error(s), 1 left on base; Montgomery 10 - West Virginia 0
BOTTOM OF THE 7TH
West Virginia Power batting - Pitching for Montgomery Biscuits : RHP Félix Andrade
Batting: RHB Javier Peña 0-0: Called Strike
0-1: Foul Ball, location: 2F
0-2: Foul Ball, location: 2F
0-2: SINGLE (Flyball, 8RS)
Batting: RHB Nick Harris 0-0: Ball
Throwing error on steal attempt, E2
Javier Peña to third
1-0: Called Strike
1-1: Swinging Strike
1-2: Ball
2-2: Fly out, F9 (Flyball, 9LSF)
Runner from 3rd tags up, SCORES, no throw
Batting: RHB Juan Alberto 0-0: Ball
1-0: Called Strike
1-1: Foul Ball, location: 2F
1-2: Strikes out swinging
Batting: SHB Waylon Adams 0-0: Ball
1-0: Called Strike
1-1: Called Strike
1-2: Strikes out swinging
Bottom of the 7th over - 1 run(s), 1 hit(s), 1 error(s), 0 left on base; Montgomery 10 - West Virginia 1
TOP OF THE 8TH
Montgomery Biscuits batting - Pitching for West Virginia Power : RHP Mitch Irwin
Pitching: LHP John Helms
Batting: LHB António Fernández 0-0: Ball
1-0: Ball
2-0: SINGLE (Groundball, 6MD)
Batting: RHB José Montoya 0-0: Ball
1-0: Swinging Strike
1-1: Called Strike
1-2: Strikes out swinging
Batting: SHB Terry O'Farrell 0-0: Swinging Strike
0-1: Swinging Strike
0-2: Strikes out looking
Batting: RHB Carlos Vásquez 0-0: Called Strike
0-1: Ball
1-1: Called Strike
1-2: Strikes out swinging
Top of the 8th over - 0 run(s), 1 hit(s), 0 error(s), 1 left on base; Montgomery 10 - West Virginia 1
BOTTOM OF THE 8TH
West Virginia Power batting - Pitching for Montgomery Biscuits : RHP Félix Andrade
Batting: LHB Héctor Soto 0-0: Ball
1-0: Foul Ball, location: 2F
1-1: Foul Ball, location: 2F
1-2: Strikes out swinging
Batting: LHB Ken Nelson 0-0: Called Strike
0-1: Foul Ball, location: 2F
0-2: Strikes out swinging
Batting: RHB Blair Whitehead 0-0: Ball
1-0: Fly out, F9 (Flyball, 9LS)
Bottom of the 8th over - 0 run(s), 0 hit(s), 0 error(s), 0 left on base; Montgomery 10 - West Virginia 1
TOP OF THE 9TH
Montgomery Biscuits batting - Pitching for West Virginia Power : LHP John Helms
Batting: LHB Bob Jones 0-0: Swinging Strike
0-1: Foul Ball, location: 2F
0-2: Foul Ball, location: 2F
0-2: Strikes out swinging
Batting: RHB Rusty Downy 0-0: Ball
1-0: Ball
2-0: Ball
3-0: Called Strike
3-1: Swinging Strike
3-2: Strikes out swinging
Batting: RHB Glen MacDonald 0-0: Ball
1-0: SINGLE (Line Drive, 8LS)
Batting: RHB Dave Roberts 0-0: Ball
1-0: Called Strike
1-1: Swinging Strike
1-2: Foul Ball, location: 2F
1-2: Foul Ball, location: 2F
1-2: Strikes out swinging
Top of the 9th over - 0 run(s), 1 hit(s), 0 error(s), 1 left on base; Montgomery 10 - West Virginia 1
BOTTOM OF THE 9TH
West Virginia Power batting - Pitching for Montgomery Biscuits : RHP Félix Andrade
Now in RF: Brian MacIntosh
Batting: RHB Brett Bell 0-0: Ground out 5-3 (Groundball, 56)
Batting: RHB Pablo Sandoval 0-0: Ball
1-0: Called Strike
1-1: Ball
2-1: Ball
3-1: Base on Balls
Batting: RHB Javier Peña 0-0: Ball
1-0: Foul Ball, location: 2F
1-1: Grounds into double play, 6-4-3 (Groundball, 6)
Bottom of the 9th over - 0 run(s), 0 hit(s), 0 error(s), 0 left on base; Montgomery 10 - West Virginia 1
Thursday, March 30th, 2017 - OOTP Baseball 17.12 Build 75